Map: Redshift LE

Players

Nordy - Winner!

  • Race: Protoss Protoss
  • League: Diamond
  • Spawn Location: 11:00

Remiko

  • Race: Zerg Zerg
  • League: Diamond
  • Spawn Location: 7:00

VOD

Have the link to the VOD?

Description

Time

  • Played on: Aug. 12, 2018, 10:22 p.m.
  • Length: 7:21
Show
View Real Time Build Order
Export as new Build Order

Nordy Protoss - Winner!

Build Orders: 1 Gate Expand 

Get SALT Encoding   

  12  0:02  Probe  
  13  0:14  Probe  
  14  0:22  Pylon  
  14  0:26  Probe  
  15  0:37  Probe  
  15  0:40  Gateway  
  16  0:45  Probe  
  17  0:50  Assimilator  
  17  0:54  Probe  
  18  1:06  Probe  
  20  1:18  Probe  
  20  1:29  Nexus  
  20  1:39  Cybernetics Core  
  20  1:44  Zealot  
  20  1:47  Gateway  
  22  1:59  Pylon  
  22  2:04  Assimilator  
  22  2:08  Probe  
  23  2:17  Adept  
  23  2:21  Probe  
  26  2:31  Warp Gate  
  26  2:33  Probe  
  27  2:42  Shield Battery  
  27  2:43  Probe  
  28  2:46  Probe  
  28  2:50  Stargate  
  29  2:57  Probe  
  30  3:03  Adept  
  30  3:05  Probe x2  
  34  3:13  Probe x2  
  36  3:22  Probe  
  36  3:23  Probe  
  38  3:28  Void Ray  
  38  3:34  Probe  
  38  3:35  Probe  
  44  3:52  Stalker  
  44  3:54  Stalker  
  46  3:56  Pylon  
  46  3:58  Shield Battery  
  46  4:06  Void Ray  
  44  4:14  Gateway  
  46  4:19  Gateway  
  46  4:22  Pylon  
  44  4:36  Pylon  
  41  4:43  Pylon  
  43  5:09  Pylon  
  43  5:11  Pylon  
  42  5:19  Void Ray  
  28  5:37  Pylon  
  28  5:38  Pylon  
  28  5:40  Pylon  
  25  5:56  Void Ray  
  25  6:02  Probe  
  29  6:15  Pylon  
  29  6:19  Probe x2  
  29  6:21  Pylon  
  31  6:31  Probe x2  
  32  6:48  Probe x2  
  32  6:49  Zealot  
Show
View Real Time Build Order
Export as new Build Order

Remiko Zerg 

Build Orders: Pool First 

Get SALT Encoding   

  12  0:01  Drone  
  13  0:12  Overlord  
  13  0:17  Drone  
  14  0:31  Drone x2  
  14  0:35  Drone  
  17  0:45  Drone  
  17  0:46  Extractor  
  18  0:50  Extractor  
  18  0:54  Spawning Pool  
  18  0:56  Drone  
  17  1:07  Drone  
  18  1:21  Hatchery  
  18  1:23  Drone  
  18  1:28  Drone  
  19  1:40  Queen  
  19  1:42  Zergling x2  
  22  1:52  Metabolic Boost  
  22  2:00  Roach Warren  
  21  2:03  Drone  
  22  2:13  Overlord  
  22  2:17  Overlord  
  22  2:39  Roach x3  
  28  2:45  Roach x2  
  28  2:50  Roach  
  34  3:04  Roach  
  36  3:08  Roach  
  38  3:19  Zergling x8  
  42  3:28  Zergling x2  
  42  3:29  Zergling x2  
  42  3:31  Overlord x2  
  44  3:43  Overlord  
  44  3:44  Overlord  
  44  3:50  Zergling x4  
  46  4:01  Zergling x4  
  47  4:09  Zergling x6  
  48  4:17  Zergling x4  
  49  4:25  Zergling x2  
  49  4:30  Zergling x2  
  48  4:35  Zergling x2  
  44  4:42  Zergling x2  
  44  4:43  Zergling x2  
  44  4:49  Zergling x2  
  45  4:53  Zergling x2  
  45  4:59  Zergling x2  
  43  5:07  Zergling x2  
  42  5:14  Zergling x2  
  42  5:15  Zergling x2  
  43  5:22  Zergling x2  
  43  5:26  Zergling x2  
  42  5:34  Zergling x6  
  34  5:37  Zergling x2  
  34  5:38  Zergling x2  
  34  5:41  Queen  
  34  5:47  Zergling x2  
  29  6:10  Drone  
  30  6:14  Drone  
  30  6:15  Drone x4  
  30  6:17  Queen  
  30  6:18  Queen  
  34  6:28  Drone x5  
  34  6:29  Drone  
  34  6:31  Overlord  
  40  6:36  Extractor  
  40  6:39  Drone  
  40  6:42  Drone  
Tags
 
Add a new tag
Caveats
  • Supply blocks, unpowered buildings, or Contaminate may cause inaccurate times.
  • Supply counts are checked every 10 seconds.